 Dungeon Crawl Stone Soup version 0.21-a0-125-gb006224 (webtiles) character file.

111 Kurtz the Chopper (level 4, -13/35 HPs)
             Began as a Mummy Abyssal Knight on July 15, 2017.
             Was a Believer of Lugonu.
             Killed from afar by Sigmund (16 damage)
             ... with a puff of flame
             ... on level 3 of the Dungeon.
             The game lasted 00:03:25 (2299 turns).

Kurtz the Chopper (Mummy Abyssal Knight)            Turns: 2299, Time: 00:03:26

Health: -13/35     AC:  6    Str: 16    XL:     4   Next: 62%
Magic:  5/5        EV: 10    Int: 11    God:    Lugonu [**....]
Gold:   124        SH:  6    Dex: 13    Spells: 3/3 levels left

rFire    x . .     SeeInvis .   a - +1 hand axe
rCold    + . .     Gourm    .   k - +2 buckler
rNeg     + + +     Faith    .   e - +0 ring mail
rPois    ∞         Spirit   .   (no helmet)
rElec    .         Reflect  .   j - scarf {cloud immunity}
rCorr    .         Harm     .   (no gloves)
MR       .....                  g - +0 pair of boots
Stlth    +.........             (no amulet)
HPRegen  0.11/turn              n - +2 ring of dexterity
MPRegen  0.09/turn              (no ring)

@: no status effects
A: no food or potions, fire vulnerability, cold resistance 1, negative energy
resistance 3, torment resistance, unbreathing
a: Depart the Abyss, Bend Space, Renounce Religion


You were on level 3 of the Dungeon.
You worshipped Lugonu.
Lugonu was pleased with you.
You were not hungry.

You visited 1 branch of the dungeon, and saw 3 of its levels.
You visited the Abyss 1 time.

You collected 124 gold pieces.

Inventory:

Hand Weapons
 a - a +1 hand axe (weapon)
Armour
 d - a +0 large shield
 e - a +0 ring mail (worn)
 g - a +0 pair of boots (worn)
 j - a scarf of cloud immunity (worn)
 k - a +2 buckler (worn)
Jewellery
 n - a +2 ring of dexterity (left hand)
Wands
 b - a wand of lightning (0/15)
Scrolls
 c - a scroll of enchant weapon {unknown}
 f - a scroll of fog
 h - 4 scrolls of teleportation
 i - a scroll of immolation
 l - 2 scrolls of amnesia


   Skills:
 - Level 3.0 Fighting
 * Level 3.4 Axes
 - Level 1.5 Armour
 - Level 0.7 Dodging
 * Level 1.9 Shields
 - Level 1.5 Invocations


You had 3 spell levels left.
You didn't know any spells.

Dungeon Overview and Level Annotations

Branches:
Dungeon (3/15)

Altars:

Annotations:
D:3 Sigmund; charan's ghost, amateur GrEE


Innate Abilities, Weirdness & Mutations

You do not eat or drink.
Your flesh is vulnerable to fire.
You are immune to poison.
Your flesh is cold resistant. (rC+)
You are immune to negative energy. (rN+++)
You are immune to unholy pain and torment.
You can survive without breathing.


Message History

You hear a mighty clap of thunder!
The bolt of lightning hits Sigmund.
Sigmund is severely wounded.
Evoking this partially-identified wand wasted a few charges.
You hear a shout!
Sigmund points at you and mumbles some strange words.
The puff of flame hits you! The fire burns you terribly!
* * * LOW HITPOINT WARNING * * *
Aiming: Lightning Bolt (will waste charges)
Press: ? - help, Shift-Dir - straight line, f/p - Sigmund
Aim: Sigmund, wielding a scythe of flaming and wearing a robe (severely wounded) Nothing appears to happen.
Sigmund hits you from afar with a scythe of flaming.
* * * LOW HITPOINT WARNING * * *
Sigmund burns you.
* * * LOW HITPOINT WARNING * * *
Unknown command.
Sigmund points at you and mumbles some strange words.
The puff of flame hits you! The fire burns you terribly!
You die...

.. #......#.#.##.....# !
.......w..........# #
.........#.....##.##
##.......#.##.#.#.......#
##...#...#. #.#@#....####
##...# ..# #.#.#....####
##..###..# ..#.#........
...........##.#.#........
.........!......@........
#........####.###........
....###........##........
#.#W..#..................
###.#.#........###.#+####
###!...................
....#.#........#####.#.
###.#.........## .# #
#.####.##..##### #


You could see Sigmund.

Vanquished Creatures
  5 adders (D:2)
  2 worms
  2 dart slugs
  A leopard gecko (D:2)
  An orc (D:2)
  A ball python (D:1)
  3 giant cockroaches
  7 goblins
  6 hobgoblins
  4 jackals (D:1)
  6 bats
  2 frilled lizards
  5 kobolds
  7 rats
52 creatures vanquished.

Notes
Turn   | Place    | Note
-------+----------+-------------------------------------------
     0 | Abyss:1  | Kurtz the Mummy Abyssal Knight began the quest for the Orb.
     0 | Abyss:1  | Reached XP level 1. HP: 18/18 MP: 2/2
     7 | Abyss:1  | Found a corrupted altar of Lugonu.
    24 | Abyss:2  | Found a corrupted altar of Lugonu.
    59 | Abyss:2  | Noticed a large abomination
    72 | Abyss:2  | Noticed a raiju
    73 | Abyss:2  | Noticed a large abomination
    76 | D:1      | Escaped the Abyss
   350 | D:1      | Reached * piety under Lugonu
   350 | D:1      | Reached XP level 2. HP: 23/24 MP: 3/3
   503 | D:1      | Reached skill level 1 in Shields
   677 | D:1      | Reached XP level 3. HP: 24/29 MP: 4/4
   924 | D:1      | You fall through a shaft!
  1337 | D:2      | Reached XP level 4. HP: 33/35 MP: 5/5
  1390 | D:2      | Reached ** piety under Lugonu
  2077 | D:3      | Noticed charan's ghost (amateur GrEE)
  2281 | D:3      | Noticed Sigmund
  2299 | D:3      | Killed from afar by Sigmund

Vault maps used:
D:1:      erik_arrival_cave_to_civilisation, minmay_misc_feat_diagonals,
          due_unseen_surprise
D:2:      serial_corexii_hall, corexii_hall_statues_t, corexii_hall_statues_i
D:3:      minitemple, elyvilon_altar_3, uniq_sigmund
Abyss:1:  evilmike_abyss_exit_16
Abyss:2:  hangedman_cross_veins, evilmike_abyss_exit_13

Skill      XL: |  1  2  3 |
---------------+----------+-----
Axes           | 2 3 |  3.4
Shields        | 1 |  1.9
Fighting       | |  3.0
Armour         | |  1.5
Dodging        | |  0.7
Invocations    | |  1.5

Action                   |  1- 3 |  4- 6 || total
-------------------------+-------+-------++-------
Melee: Hand axe          |   121 |    63 ||   184
Invok: Depart the Abyss  |     1 |       ||     1
Evoke: Wand              |       |     5 ||     5
  Use: Scroll            |       |     6 ||     6
Armor: Ring mail         |    44 |    18 ||    62
       Leather armour    |     1 |       ||     1
Dodge: Dodged            |    41 |    40 ||    81
Block: Large shield      |    53 |       ||    53
       Buckler           |     7 |    23 ||    30
